 Dungeon Crawl Stone Soup version 0.24-a0-652-g46ecf6da75 (webtiles) character file.

Game seed: 118104140336340728, levelgen mode: deterministic

62 MalarOregon the Chiller (level 3, 0/29 HPs)
             Began as a Draconian Ice Elementalist on Sept 26, 2019.
             Slain by Sigmund
             ... wielding a +2 scythe of slicing
              (15 damage)
             ... on level 2 of the Dungeon.
             The game lasted 00:02:35 (1579 turns).

MalarOregon the Chiller (DrIE)                      Turns: 1579, Time: 00:02:35

Health: 0/29       AC:  5    Str: 10    XL:     3   Next: 85%
Magic:  6/6        EV: 12    Int: 16    God:
Gold:   65         SH:  0    Dex: 11    Spells: 4/7 levels left

rFire    . . .     SeeInvis .   d - +0 mace
rCold    . . .     Gourm    .   (no shield)
rNeg     . . .     Faith    .   (armour unavailable)
rPois    .         Spirit   .   (helmet restricted)
rElec    .         Reflect  .   (no cloak)
rCorr    .         Harm     .   (no gloves)
MR       .....                  (no boots)
Stlth    +.........             (no amulet)
HPRegen  0.09/turn              (no ring)
MPRegen  0.10/turn              (no ring)

@: confused
A: unfitting armour, cold-blooded, AC +5
a: no special abilities


You were on level 2 of the Dungeon.
You were hungry.

You visited 1 branch of the dungeon, and saw 2 of its levels.

You collected 65 gold pieces.

Inventory:

Hand Weapons
 d - a +0 mace (weapon)
   (You found it on level 1 of the Dungeon)
Scrolls
 b - a scroll of enchant armour {unknown}
 f - a scroll of blinking {unknown}
 h - a scroll of enchant weapon {unknown}
Potions
 a - a potion of ambrosia
 c - a potion of haste {unknown}
 g - a potion of lignification {unknown}
Comestibles
 e - a ration {!d}


   Skills:
 * Level 1.6 Fighting
 * Level 1.2 Maces & Flails
 * Level 2.3 Dodging
 - Level 1.7 Stealth
 * Level 2.5 Spellcasting
 + Level 1.1 Conjurations
 + Level 3.2 Ice Magic


You had 4 spell levels left.
You knew the following spells:

 Your Spells              Type           Power        Failure   Level  Hunger
a - Freeze                Ice            ##..         5%          1    #......
x - Throw Frost           Conj/Ice       #.....       12%         2    ##.....

Your spell library contained the following spells:

 Spells                   Type           Power        Failure   Level  Hunger
 Ozocubu's Armour         Chrm/Ice       #.......     30%         3    ###....
 Throw Icicle             Conj/Ice       #.......     63%         4    #####..
 Summon Ice Beast         Ice/Summ       #.......     71%         4    #####..


Dungeon Overview and Level Annotations

Branches:
Dungeon (2/15)

Altars:

Annotations:
D:2 Sigmund


Innate Abilities, Weirdness & Mutations

Your plain brown scales are hard. (AC +5)
You cannot fit into any form of body armour.
You are cold-blooded and may be slowed by cold attacks.


Message History

You resist with significant effort.
Found 7 gold pieces.
You bump into the rock wall.
A goblin comes into view.
The goblin shouts!
Sigmund closely misses you.
The goblin wields a +0 hunting sling.
The goblin shoots a sling bullet.
The sling bullet hits you.
Found an escape hatch in the floor.
You see here a sling bullet.
Sigmund hits you with a +2 scythe of slicing!
* * * LOW HITPOINT WARNING * * *
* * * LOW HITPOINT WARNING * * *
You bump into the rock wall.
The goblin shoots a sling bullet.
The sling bullet barely misses you.
The sling bullet barely misses Sigmund.
Unknown command.
Unknown command.
You bump into the rock wall.
Sigmund barely misses you.
Unknown command.
It was a potion of ambrosia.
You are more confused.
You feel invigorated.
Sigmund hits you with a +2 scythe of slicing!
* * * LOW HITPOINT WARNING * * *
* * * LOW HITPOINT WARNING * * *
Unknown command.
The goblin shoots a sling bullet.
The sling bullet closely misses you.
Unknown command.
Sigmund gestures at you while chanting. You resist with significant effort.
The goblin shoots a sling bullet.
The sling bullet hits you but does no damage.
You see here a sling bullet.
Unknown command.
Unknown command.
You bump into the rock wall.
Sigmund hits you from afar with a +2 scythe of slicing.
* * * LOW HITPOINT WARNING * * *
* * * LOW HITPOINT WARNING * * *
The goblin shoots a sling bullet.
The sling bullet barely misses you.
The goblin shoots a sling bullet.
The sling bullet closely misses you.
Sigmund gestures wildly while chanting.
Sigmund flickers and vanishes!
Deactivating autopickup; reactivate with Ctrl-A.
You see here a sling bullet.
Unknown command.
Unknown command.
You miss something.
Your tail-slap misses something.
The goblin shoots a sling bullet.
The sling bullet barely misses you. Something hits you!
Ouch! That really hurt!
You die...

#############
.>..........# ####
.....######.# ...# ...#.#
##.#### ...
...#.#####.....###g#.####
................((.......
....#.####......@#.#$###.
....#..###.....#{#...
....##.##..(.###.#.#.#
.... #.##....# ....#...
.... #.##....#...... >##
.... #..#....#.....# .
##.#....#.....# ##
#......#....[#
##...........#


You could see a goblin.

Vanquished Creatures
  A centaur zombie (D:2)
  An adder (D:2)
  A giant cockroach (D:1)
  4 hobgoblins
  3 kobolds
  3 bats (D:1)
  2 frilled lizards
  3 goblins
  5 rats
23 creatures vanquished.

Notes
Turn   | Place    | Note
-------+----------+-------------------------------------------
     0 | D:1      | MalarOregon the Draconian Ice Elementalist began the quest
                  | for the Orb.
     0 | D:1      | Reached XP level 1. HP: 14/14 MP: 3/3
   530 | D:1      | Reached XP level 2. HP: 22/22 MP: 5/5
  1178 | D:2      | Reached skill level 1 in Fighting
  1200 | D:2      | Reached skill level 1 in Maces & Flails
  1200 | D:2      | Reached XP level 3. HP: 6/28 MP: 2/6
  1438 | D:2      | Learned a level 2 spell: Throw Frost
  1558 | D:2      | Noticed Sigmund
  1574 | D:2      | HP: 1/29 [Sigmund/+2 scythe of slicing (1)]
  1579 | D:2      | Slain by Sigmund

Levels and vault maps discovered:
D:1:      dpeg_arrival_rooms_b, layout_basic, serial_bayou_pond_e
D:2:      layout_basic, uniq_sigmund

Skill      XL: |  1  2 |
---------------+-------+-----
Dodging        | 2 |  2.3
Fighting       | 1 |  1.6
Maces & Flails | 1 |  1.2
Stealth        | |  1.7
Spellcasting   | |  2.5
Conjurations   | |  1.1
Ice Magic      | |  3.2

Action                   || total
-------------------------++-------
Melee: Club              ||    15
       Unarmed           ||     6
       Tailslap          ||     3
       Mace              ||    24
 Cast: Freeze            ||    15
       Throw Frost       ||     6
  Use: Potion            ||     1
 Stab: Sleeping          ||     1
  Eat: Chunk             ||     2
Armor: Skin              ||    16
Dodge: Dodged            ||    40

Table legend:
 A = Non-vault XP
 B = Vault XP
 C = Vault XP percentage of total XP
 D = Non-vault monster count
 E = Vault monster count
 F = Vault count percentage of total count
                 A         B        C        D         E       F
            +---------+---------+-------+---------+---------+-------
      Total |      89 |       0 |   0.0 |      23 |       0 |   0.0
            +---------+---------+-------+---------+---------+-------
        D:1 |      20 |       0 |   0.0 |      14 |       0 |   0.0
        D:2 |      69 |       0 |   0.0 |       9 |       0 |   0.0
            +---------+---------+-------+---------+---------+-------
